 Dungeon Crawl Stone Soup version 0.26-a0-200-g62faa89a7e (console) character file.

Game seed: 9354690285147017962

2 Garrluk the Magician (level 1, 0/9 HPs)
             Began as a Vine Stalker Hedge Wizard on July 5, 2020.
             Slain by a goblin (1 damage)
             ... on level 1 of the Dungeon.
             The game lasted 00:00:59 (326 turns).

Garrluk the Magician (Vine Stalker Hedge Wizard)     Turns: 326, Time: 00:00:59

Health: 0/9        AC:  2    Str: 12    XL:     1   Next: 40%
Magic:  0/5        EV: 12    Int: 14    God:
Gold:   0          SH:  0    Dex: 13    Spells: 5/6 levels left

rFire    . . .     SeeInvis .   c - +0 short sword
rCold    . . .     Faith    .   (no shield)
rNeg     . . .     Spirit   +   a - +0 robe
rPois    .         Reflect  .   b - +0 hat
rElec    .         Harm     .   (no cloak)
rCorr    .                      (no gloves)
MR       .....                  (no boots)
Stlth    ++........             (no amulet)
HPRegen  0.03/turn              (no ring)
MPRegen  0.09/turn              (no ring)

@: very slightly contaminated
A: fangs 2, magic shield, antimagic bite, no potion heal 3, rot immunity
a: no special abilities


You were on level 1 of the Dungeon.
You were not hungry.

You visited 1 branch of the dungeon, and saw 1 of its levels.

Notes
Turn   | Place    | Note
-------+----------+-------------------------------------------
     0 | D:1      | Garrluk the Vine Stalker Hedge Wizard began the quest for
                  | the Orb.
     0 | D:1      | Reached XP level 1. HP: 9/9 MP: 5/5
   326 | D:1      | Slain by a goblin

Inventory:

Hand Weapons
 c - a +0 short sword (weapon)
   (You took it off a kobold on level 1 of the Dungeon)
Armour
 a - a +0 robe (worn)
 b - a +0 hat (worn)
Comestibles
 d - a ration

Table legend:
 A = Turns spent in this place as a percentage of turns spent in the entire game.
 B = Non-inter-level travel turns spent in this place as a percentage of non-inter-level travel turns spent in the entire game.
 C = Inter-level travel turns spent in this place as a percentage of turns spent in this place.
 D = Turns resting spent in this place as a percentage of non-inter-level travel turns spent in this place.
 E = Turns spent auto-exploring this place as a percentage of non-inter-level travel turns spent in this place.
 F = Non-inter-level travel turns spent in this place divided by the number of levels of this place that you've seen.
                   A       B       C       D       E      F
               +-------+-------+-------+-------+-------+----------------------
         Total | 100.0 | 100.0 |   0.0 |   5.2 |  72.4 | 326.0
       Dungeon | 100.0 | 100.0 |   0.0 |   5.2 |  72.4 | 326.0
               +-------+-------+-------+-------+-------+----------------------


   Skills:
 - Level 1.5 Dodging
 - Level 2.4 Stealth
 + Level 3.3 Spellcasting
 * Level 1.2 Conjurations
   Level 1.0 Summonings
   Level 1.0 Translocations


You had 5 spell levels left.
You knew the following spells:

 Your Spells              Type           Power        Failure   Level  Hunger
a - Magic Dart            Conj           #...         12%         1    #......

Your spell library contained the following spells:

 Spells                   Type           Power        Failure   Level  Hunger
 Blink                    Tloc           N/A          21%         2    ##.....
 Call Imp                 Summ           #.......     21%         2    ##.....
 Slow                     Hex            #.......     30%         2    ##.....
 Conjure Flame            Conj/Fire      #.......     43%         3    ###....
 Mephitic Cloud           Conj/Pois/Air  #.......     45%         3    ###....


Dungeon Overview and Level Annotations

Branches:
Dungeon (1/15)

Altars:


Innate Abilities, Weirdness & Mutations

You have extremely sharp teeth.
When hurt, damage is shared between your health and your magic reserves.
Your bite disrupts and absorbs the magic of your enemies.
Potions cannot restore your health.
You are immune to rotting.


Message History

You hit the goblin but do no damage.
The goblin is moderately wounded.
The bat misses you. The goblin hits you.
You closely miss the goblin.
The goblin is moderately wounded.
The bat misses you. The goblin misses you.
You barely miss the goblin. You bite the goblin. You drain its power.
You feel invigorated.
The goblin is severely wounded.
The bat misses you. The bat hits you but does no damage. The goblin hits you.
* * * LOW HITPOINT WARNING * * *
You closely miss the goblin. Your bite misses the goblin.
The goblin is severely wounded.
The bat closely misses you. The bat hits you.
* * * LOW HITPOINT WARNING * * *
The goblin misses you.
You hit the goblin but do no damage. You bite the goblin, but do no damage.
The goblin is severely wounded.
The bat barely misses you. The goblin hits you.
You die...

..#...# .. .......
##..##..# ..# #..# ...
..#..#.#. #. ..##...#..
####.##..##.##..........
#...#.#..#..#.[.#...#...
#.###.##.#.#(.##...#...#
. #.#.#..#...#..#....#
..##.##......##.....#
...# ##.#..##.........#
######.#...#..#bg##....
#.#...#..#...#..@# .
.#.###.#.....#.#...#
##.#.#...#....##....#
.##..#.##....#....#...
#รท.#.##...##............
########################


You could see a goblin and a bat.

Table legend:
 A = Kills in this place as a percentage of kills in entire the game.
 B = Kills by you in this place as a percentage of kills by you in the entire game.
 C = Kills by friends in this place as a percentage of kills by friends in the entire game.
 D = Other kills in this place as a percentage of other kills in the entire game.
 E = Experience gained in this place as a percentage of experience gained in the entire game.
 F = Experience gained in this place divided by the number of levels of this place that you have seen.
                   A       B       C       D       E      F
               +-------+-------+-------+-------+-------+----------------------
         Total | 100.0 | 100.0 |   N/A |   N/A | 100.0 |   4.0
       Dungeon | 100.0 | 100.0 |   N/A |   N/A | 100.0 |   4.0
               +-------+-------+-------+-------+-------+----------------------

Vanquished Creatures
  Monster Symbol All 'K'
  2 kobolds (D:1)
2 creatures vanquished. All 'r' A rat (D:1)
1 creature vanquished.
3 creatures vanquished. Monster Nature Natural Monsters 2 kobolds (D:1) A rat (D:1)
3 creatures vanquished.
3 creatures vanquished. Ascending Order A rat (D:1) 2 kobolds (D:1)
3 creatures vanquished.

Action                   || total
-------------------------++-------
Melee: Short sword       ||    13
       Bite              ||     4
 Cast: Magic Dart        ||     4
Armor: Robe              ||     5
Dodge: Dodged            ||    15
